 Dungeon Crawl Stone Soup version 0.22.0-2-ge58baed0e8 (webtiles) character file.

160 MirrMurr the Chucker (level 5, 0/48 HPs)
             Began as a Troll Hunter on Aug 12, 2018.
             Killed by divine providence
             ... invoked by an orc priest
              (12 damage)
             ... on level 3 of the Dungeon.
             The game lasted 00:04:07 (1669 turns).

MirrMurr the Chucker (Troll Hunter)                 Turns: 1669, Time: 00:04:07

Health: 0/48       AC:  6    Str: 20    XL:     5   Next: 17%
Magic:  4/4        EV: 10    Int:  7    God:
Gold:   113        SH:  0    Dex: 11    Spells: 4/4 levels left

rFire    . . .     SeeInvis .     - Unarmed
rCold    . . .     Gourm    +   (no shield)
rNeg     . . .     Faith    .   b - +0 robe
rPois    .         Spirit   .   (helmet restricted)
rElec    .         Reflect  .   s - +0 cloak
rCorr    .         Harm     .   (gloves unavailable)
MR       .....                  (boots unavailable)
Stlth    +.........             (no amulet)
HPRegen  0.56/turn              (no ring)
MPRegen  0.09/turn              (no ring)

@: lethally poisoned (0 -> -1)
A: large, unfitting armour, claws 3, fast metabolism 3, gourmand, regeneration
1, shaggy fur 1, tough skin 2
a: no special abilities


You were on level 3 of the Dungeon.
You were completely stuffed.

You visited 1 branch of the dungeon, and saw 3 of its levels.

You collected 113 gold pieces.

Inventory:

Missiles
 d - a throwing net {!f}
 f - 5 large rocks (quivered)
 k - 63 stones
Armour
 b - a +0 robe (worn)
 s - a +0 cloak (worn)
Scrolls
 a - a scroll of identify {unknown}
 e - a scroll of blinking
 g - a scroll of fog {unknown}
 h - a scroll of immolation {unknown}
 i - a scroll of teleportation {unknown}
 p - a scroll of noise {unknown}
 t - a scroll of enchant armour {unknown}
Potions
 l - 2 potions of curing {unknown}
 n - a potion of lignification {unknown}
 o - a potion of degeneration {unknown}
 q - a potion of haste {unknown}
Comestibles
 c - 6 rations {!d}


   Skills:
 - Level 1.5 Fighting
 + Level 4.4 Throwing
 - Level 1.5 Dodging
 - Level 0.3 Stealth
 * Level 4.0 Unarmed Combat


You had 4 spell levels left.
You didn't know any spells.
Your spell library was empty.

Dungeon Overview and Level Annotations

Branches:
Dungeon (3/15)

Altars:


Innate Abilities, Weirdness & Mutations

You are too large for most types of armour.
You have claws for hands.
Your metabolism is lightning-fast.
You like to eat raw meat.
Your natural rate of healing is unusually fast.
You are covered in fur. (AC +1)
You have very tough skin. (AC +2)


Message History

You feel sick. The orc priest barely misses you.
The hobgoblin hits you but does no damage.
The adder bites you but does no damage. The adder bites you.
You barely miss the orc priest.
The orc priest is almost dead.
An orc comes into view.
The adder bites you but does no damage.
The orc priest invokes the aid of Beogh against you.
Beogh smites you! The hobgoblin hits you with a club. The adder bites you.
* * * LOW HITPOINT WARNING * * *
You are more poisoned.
The adder poisons you!
You hear a shout!
You feel sick. The adder closely misses you.
The hobgoblin hits you but does no damage.
The adder bites you but does no damage.
You feel sick. The adder barely misses you.
The orc priest calls down the wrath of Beogh upon you.
Beogh smites you!
You die...

#>.............+
#†####....#
#†........#
#........#
#........#
#....†...#
#........#
#....SSo.#
#....@.go#
#.######o.....
#.# .....o #.#
....... ####'####
.......
##.......#
.......
#........#
#####+#
#........########
#........#.....<#


You could see an orc priest, 2 adders, 2 orcs and a hobgoblin.

Vanquished Creatures
  Crazy Yiuf (D:3)
  Natasha (D:3)
  3 adders
  2 worms (D:2)
  4 dart slugs
  4 leopard geckos
  A ball python (D:3)
  5 giant cockroaches
  8 goblins
  6 hobgoblins
  4 jackals (D:2)
  4 kobolds
  8 bats
  5 frilled lizards
  7 rats
63 creatures vanquished.

Notes
Turn   | Place    | Note
-------+----------+-------------------------------------------
     0 | D:1      | MirrMurr the Troll Hunter began the quest for the Orb.
     0 | D:1      | Reached XP level 1. HP: 19/19 MP: 0/0
   135 | D:1      | Reached skill level 1 in Unarmed Combat
   144 | D:1      | Reached XP level 2. HP: 27/27 MP: 1/1
   354 | D:1      | Reached XP level 3. HP: 31/33 MP: 2/2
   936 | D:2      | Reached XP level 4. HP: 41/41 MP: 3/3
  1514 | D:3      | Noticed Natasha
  1521 | D:3      | Killed Natasha
  1536 | D:3      | Found a runed door.
  1540 | D:3      | Noticed Crazy Yiuf
  1546 | D:3      | Killed Crazy Yiuf
  1546 | D:3      | Reached XP level 5. HP: 48/48 MP: 4/4
  1669 | D:3      | Killed from afar by an orc priest

Skill      XL: |  1  2  3  4  5 |
---------------+----------------+-----
Unarmed Combat | 1 2 3 4 |  4.0
Throwing       | 4 |  4.4
Fighting       | |  1.5
Dodging        | |  1.5
Stealth        | |  0.3

Action                   |  1- 3 |  4- 6 || total
-------------------------+-------+-------++-------
Melee: Unarmed           |   110 |    73 ||   183
Throw: Throwing net      |       |     1 ||     1
  Use: Scroll            |       |     3 ||     3
 Stab: Sleeping          |       |     1 ||     1
  Eat: Chunk             |    14 |     7 ||    21
Armor: Robe              |    39 |    35 ||    74
Dodge: Dodged            |    56 |    51 ||   107
